 Dungeon Crawl Stone Soup version 0.30-a0-121-gb27577e5d9 (webtiles) character file.

Game seed: 10321089263711760891

44 ragingrage the Sneak (level 3, 0/21 HPs)
             Began as a Kobold Brigand on Sept 14, 2022.
             Frozen to death by an endoplasm (4 damage)
             ... on level 3 of the Dungeon.
             The game lasted 00:01:20 (2633 turns).

ragingrage the Sneak (Kobold Brigand)               Turns: 2633, Time: 00:01:20

Health: 0/21       AC:  4    Str:  8    XL:     3   Next: 87%
Magic:  3/3        EV: 14    Int: 12    God:
Gold:   101        SH:  0    Dex: 18    Spells: 2/2 levels left

rFire   . . .      SeeInvis .    o - +0 dagger (venom)
rCold   . . .      Faith    .    (no shield)
rNeg    . . .      Spirit   .    b - +0 robe
rPois   .          Reflect  .    s - +0 helmet
rElec   .          Harm     .    c - +0 cloak
rCorr   .          Rampage  .    (no gloves)
Will    .....                    (no boots)
Stlth   ++++......               (no amulet)
HPRegen 0.07/turn                (no ring)
MPRegen 0.08/turn                (no ring)

@: no status effects
A: small, no large weapons, nightstalker 3
a: no special abilities


You were on level 3 of the Dungeon.
You visited 1 branch of the dungeon, and saw 3 of its levels.

You collected 101 gold pieces.

Inventory:

Hand Weapons
 a - a +2 dagger
 o - a +0 dagger of venom (weapon)
Missiles
 d - 9 poisoned darts (quivered)
 e - 3 curare-tipped darts
Armour
 b - a +0 robe (worn)
 c - a +0 cloak (worn)
 s - a +0 helmet (worn)
Scrolls
 f - 2 scrolls of identify
 g - a scroll of butterflies {unknown}
 i - a scroll of poison
 l - 2 scrolls of fear {unknown}
 m - a scroll of immolation {unknown}
 n - a scroll of amnesia {unknown}
 q - a scroll of enchant weapon {unknown}
 r - a scroll of summoning {unknown}
Potions
 h - a potion of curing {unknown}
 j - a potion of invisibility {unknown}
 k - a potion of ambrosia {unknown}
 p - a potion of flight {unknown}
 t - a potion of might {unknown}


   Skills:
 - Level 2.1 Fighting
 + Level 3.6 Short Blades
 + Level 3.0 Throwing
 - Level 1.2 Dodging
 + Level 6.0 Stealth


You had 2 spell levels left.
You didn't know any spells.
Your spell library contained the following spells:

 Spells                   Type           Power      Damage    Failure   Level
 Summon Lightning Spire   Summ/Air       0%         N/A       97%         4
 Storm Form               Tmut/Air       0%         N/A       100%        7
 Maxwell's Capacitive Co  Air            0%         ∞         100%        8


Dungeon Overview and Level Annotations

Branches:
Dungeon (3/15)

Altars:

Shops:
D:1 (   D:3 [


Innate Abilities, Weirdness & Mutations

You are small and have problems with some larger weapons.
You are completely attuned to the shadows.


Message History

The adder bites you.
You barely miss the adder. The adder closely misses you.
You closely miss the adder. The adder completely misses you.
The endoplasm quivers.
You hit the adder.
The adder is moderately wounded.
The adder closely misses you.
You hit the adder but do no damage.
The adder is moderately wounded.
The adder barely misses you.
You closely miss the adder.
The adder is moderately wounded.
The adder barely misses you.
You hit the adder.
The adder is heavily wounded.
The adder barely misses you. The endoplasm freezes you.
You are frozen.
You hit the adder but do no damage.
The adder is poisoned.
The adder is heavily wounded.
The adder bites you but does no damage. The endoplasm barely misses you.
You are too injured to fight recklessly!
You miss the adder.
The adder is almost dead.
You hear the slow rusting of a distant drain.
The adder bites you. The endoplasm freezes you.
You are frozen.
The adder bites you but does no damage.
You are too injured to fight recklessly!
You hit the adder.
You kill the adder!
The endoplasm freezes you.
You are frozen.
* * * LOW HITPOINT WARNING * * *
Your Throwing skill increases to level 3!
Your Stealth skill increases to level 6!
You hit the endoplasm but do no damage. The endoplasm freezes you.
You are frozen.
You die...

#.............
..............
.##...........
##..........
##.###.###...
.......###...
##.##........
#..?†J...
.....@....
#..#.......
#∩##.......
##..##.. #..#
..


You could see an endoplasm.

Vanquished Creatures
  An adder (D:3)
  4 ball pythons
  4 endoplasms
  2 giant cockroaches
  2 goblins
  3 hobgoblins (D:1)
  A kobold (D:2)
  4 quokkas (D:1)
  4 bats
  2 frilled lizards (D:1)
  7 rats
34 creatures vanquished.

Notes
Turn   | Place    | Note
-------+----------+-------------------------------------------
     0 | D:1      | ragingrage the Kobold Brigand began the quest for the Orb.
     0 | D:1      | Reached XP level 1. HP: 12/12 MP: 1/1
   413 | D:1      | Reached XP level 2. HP: 17/17 MP: 2/2
   573 | D:1      | Found a faded altar of an unknown god.
   710 | D:1      | Found Ileadyn's Antique Weapon Emporium.
   751 | D:1      | Reached XP level 3. HP: 21/21 MP: 3/3
  2621 | D:3      | Found Ysiolas's Antique Armour Boutique.
  2633 | D:3      | Reached skill level 6 in Stealth
  2633 | D:3      | Frozen to death by an endoplasm

Illustrated notes

Levels and vault maps discovered:
D:1:      matt_arrival_debris, layout_loops_ring, basic_ecumenical_altar,
          serial_shops, nicolae_shop_trees
D:2:      layout_basic, serial_rivers, chequers_serial_rivers_large_b,
          chequers_serial_rivers_micro_a, chequers_serial_rivers_marsh,
          chequers_serial_rivers_micro_c
D:3:      layout_rooms, tgw_trog, slow_altar_2, serial_shops, shop,
          gup_sewer_entry_pipe

Skill      XL: |  1  2  3 |
---------------+----------+-----
Short Blades   | 3 |  3.6
Throwing       | 3 |  3.0
Stealth        | 6 |  6.0
Fighting       | |  2.1
Dodging        | |  1.2

Action                   || total
-------------------------++-------
Melee: Dagger            ||    75
  Use: Scroll            ||     1
 Stab: Sleeping          ||    18
Armor: Robe              ||    11
Dodge: Dodged            ||    30

Table legend: (Time is in decaauts)
 A = Elapsed time spent in this place.
 B = Non-inter-level travel time spent in this place.
 C = Inter-level travel time spent in this place.
 D = Time resting spent in this place.
 E = Time spent auto-exploring this place.
 F = Levels seen in this place.
 G = Mean time per level.
                   A        B        C        D        E       F      G
               +--------+--------+--------+--------+--------+-----+--------+
         Total |   2661 |   2629 |     32 |    462 |   1888 |   3 |  887.0 |
       Dungeon |   2661 |   2629 |     32 |    462 |   1888 |   3 |  887.0 |
               +--------+--------+--------+--------+--------+-----+--------+

Top non-repeatable levels by time:
     D:2: 1461 daAuts
     D:1: 1098 daAuts
     D:3: 101 daAuts
